 Dungeon Crawl Stone Soup version 0.30-a0-1160-g6e42c06551 (webtiles) character file.

Game seed: 17261916929481667476

128 Arzdou the Digger (level 5, 0/28 HPs)
             Began as a Gargoyle Earth Elementalist on Apr 25, 2023.
             Slain by Grinder (7 damage)
             ... on level 3 of the Dungeon.
             The game lasted 00:03:29 (1834 turns).

Arzdou the Digger (Gargoyle Earth Elementalist)     Turns: 1834, Time: 00:03:30

Health: 0/28       AC:  7    Str: 11    XL:     5   Next: 11%
Magic:  4/9        EV: 12    Int: 18    God:
Gold:   168        SH:  0    Dex: 10    Spells: 3/10 levels left

rFire   . . .        m - +0 halberd
rCold   . . .        (shield currently unavailable)
rNeg    + + .        a - +0 robe
rPois   ∞            (no helmet)
rElec   +            (no cloak)
rCorr   .            (no gloves)
SInv    .            i - +0 pair of boots
Will    .....        (no amulet)
Stlth   ++           j - ring of positive energy
HPRegen 0.24/turn    (no ring)
MPRegen 0.11/turn

%: no passive effects
@: no status effects
A: sickness immunity, AC +4, negative energy resistance 1, electricity
resistance, torment resistance 1, petrification resistance
a: no special abilities


You were on level 3 of the Dungeon.
You visited 1 branch of the dungeon, and saw 3 of its levels.

You collected 168 gold pieces.

Inventory:

Hand Weapons
 l - a +0 whip
 m - a +0 halberd (weapon)
Armour
 a - a +0 robe (worn)
 i - a +0 pair of boots (worn)
Jewellery
 j - a ring of positive energy (left hand)
Scrolls
 d - a scroll of teleportation {unknown}
 g - a scroll of magic mapping {unknown}
 h - a scroll of identify {unknown}
 k - a scroll of enchant armour {unknown}
 o - a scroll of fog {unknown}
Potions
 b - a potion of magic
 c - a potion of attraction {unknown}
 e - a potion of brilliance {unknown}
 f - 2 potions of might {unknown}
 n - a potion of degeneration {unknown}


   Skills:
 + Level 1.7 Dodging
 + Level 2.9 Stealth
 + Level 3.1 Spellcasting
 * Level 1.8 Conjurations
 * Level 0.2 Summonings
 + Level 0.7 Transmutations
 * Level 4.8 Earth Magic


You had 3 spell levels left.
You knew the following spells:

 Your Spells              Type           Power      Damage    Failure   Level
a - Sandblast             Erth           40%        2d10      2%          1
b - Stone Arrow           Conj/Erth      28%        3d8       12%         3
c - Call Canine Familiar  Summ           3%         N/A       41%         3

Your spell library contained the following spells:

 Spells                   Type           Power      Damage    Failure   Level
 Passwall                 Tmut/Erth      10%        N/A       8%          2
 Portal Projectile        Hex/Tloc       4%         N/A       43%         3
 Petrify                  Tmut/Erth      12%        N/A       45%         4
 Leda's Liquefaction      Hex/Erth       5%         N/A       52%         4
 Manifold Assault         Tloc           2%         N/A       85%         4
 Dispersal                Tloc           1%         N/A       100%        6
 Disjunction              Tloc           1%         N/A       100%        8


Dungeon Overview and Level Annotations

Branches:
Dungeon (3/15)

Altars:

Annotations:
D:3 Grinder


Innate Abilities, Weirdness & Mutations

You are immune to sickness and miasma.
Your stone body is resilient. (AC +4)
You are immune to poison.
You resist negative energy. (rN+)
You are resistant to electric shocks. (rElec)
You are resistant to unholy torment.
You are immune to petrification.


Message History

Grinder gestures at you.
You suddenly lose the ability to move!
Grinder hits you but does no damage. x3
You can move again.
Casting: Stone Arrow (quite dangerous; 12% risk of failure)
Confirm with . or Enter, or press ? or * to list all spells.
The spell is quite dangerous to miscast (12% risk of failure)!
Continue anyway? [Y]es or [N]o only, please.
The spell is quite dangerous to miscast (12% risk of failure)!
Continue anyway?
Aiming: Stone Arrow (quite dangerous; 12% risk of failure)
Press: ? - help, Shift-Dir - straight line, f/p - Grinder
Aim: Grinder (heavily wounded, 64% to hit)
The stone arrow hits Grinder!
Grinder is almost dead.
Grinder hits you but does no damage.
Unknown command.
You barely miss Grinder.
Grinder is almost dead.
Grinder hits you but does no damage.
You barely miss Grinder.
Grinder is almost dead.
Grinder gestures at you. Pain shoots through your body!
Grinder gestures at you.
You suddenly lose the ability to move!
Grinder hits you.
* * * LOW HITPOINT WARNING * * *
Grinder gestures at you. Pain shoots through your body!
* * * LOW HITPOINT WARNING * * *
You can move again.
Casting: Stone Arrow (quite dangerous; 12% risk of failure)
Confirm with . or Enter, or press ? or * to list all spells.
Aiming: Sandblast (safe; 2% risk of failure)
Press: ? - help, Shift-Dir - straight line, f/p - Grinder
Aim: Grinder (almost dead, 81% to hit)
The blast of sand hits Grinder.
Grinder is almost dead.
Grinder hits you!
You die...

#...##.#.##.######.#
#...##.#....######.#
#.).+.....#........#
#...#.##.##.#.....#
...... #......###.#
....... #..#.....#
....... #..#.#####
.....##........#
....Bg5@...###.#
....###.#### . #+#


You could see Grinder, a giant cockroach and a hobgoblin.

Vanquished Creatures
  3 gnolls (D:2)
  5 adders (D:2)
  3 worms
  A dart slug (D:1)
  3 ball pythons
  5 bats
  6 endoplasms
  7 goblins
  2 quokkas
  A frilled lizard (D:1)
  6 kobolds
  A rat (D:1)
43 creatures vanquished.

Notes
Turn   | Place    | Note
-------+----------+-------------------------------------------
     0 | D:1      | Arzdou the Gargoyle Earth Elementalist began the quest for
                  | the Orb.
     0 | D:1      | Reached XP level 1. HP: 10/10 MP: 3/3
   190 | D:1      | Reached XP level 2. HP: 15/15 MP: 1/5
   687 | D:1      | Reached skill level 4 in Earth Magic
   711 | D:1      | Reached XP level 3. HP: 19/19 MP: 4/6
   894 | D:2      | Reached skill level 1 in Conjurations
  1067 | D:2      | Reached XP level 4. HP: 24/24 MP: 6/8
  1495 | D:2      | Reached XP level 5. HP: 24/28 MP: 5/9
  1689 | D:2      | Learned a level 3 spell: Stone Arrow
  1693 | D:2      | Learned a level 3 spell: Call Canine Familiar
  1816 | D:3      | Noticed Grinder
  1825 | D:3      | Paralysed by Grinder for 4 turns
  1831 | D:3      | Paralysed by Grinder for 3 turns
  1834 | D:3      | Slain by Grinder

Illustrated notes

Levels and vault maps discovered:
D:1:      mainiacjoe_arrival_reflecting_pool, layout_basic, serial_curves,
          eino_curves_02, eino_curves_04
D:2:      layout_rooms, lemuel_flame_loot_1
D:3:      layout_basic, yredelemnul_altar_generic, serial_shops,
          nicolae_shop_gaudy_bauble, uniq_grinder, uniq_robin, uniq_jessica

Skill      XL: |  1  2  3  4 |
---------------+-------------+-----
Earth Magic    | 4 |  4.8
Conjurations   | 1 |  1.8
Spellcasting   | 3 |  3.1
Dodging        | |  1.7
Stealth        | |  2.9
Summonings     | |  0.2
Transmutations | |  0.7

Action                     |  1- 3 |  4- 6 || total
---------------------------+-------+-------++-------
  Melee: Halberd           |       |     2 ||     2
   Cast: Sandblast         |    34 |    44 ||    78
         Stone Arrow       |       |     2 ||     2
    Use: Potion            |       |     1 ||     1
 Armour: Robe              |     4 |    13 ||    17
  Dodge: Dodged            |     8 |    10 ||    18

Table legend: (Time is in decaauts)
 A = Elapsed time spent in this place.
 B = Non-inter-level travel time spent in this place.
 C = Inter-level travel time spent in this place.
 D = Time resting spent in this place.
 E = Time spent auto-exploring this place.
 F = Levels seen in this place.
 G = Mean time per level.
                   A        B        C        D        E       F      G
               +--------+--------+--------+--------+--------+-----+--------+
         Total |   1872 |   1807 |     65 |     38 |   1491 |   3 |  624.0 |
       Dungeon |   1872 |   1807 |     65 |     38 |   1491 |   3 |  624.0 |
               +--------+--------+--------+--------+--------+-----+--------+

Top non-repeatable levels by time:
     D:1: 891 daAuts
     D:2: 849 daAuts
     D:3: 131 daAuts
